[ AOE2 MATCH · #484240720 ]
Team RMMagyars vs Dravidians
Player's team · WIN
[ REPLAY ANALYSIS · EXTRACTED FROM THE RECORDED GAME ]
Feudal
9:05
Castle
23:27
Imperial
—
| APM avg | 49.2 |
| APM peak | 117 |
| eAPM avg | 21.4 |
| Villagers / military | 112 / 84 |
Focus
⚔️ 44.7% · 🌾 55.3%
Knight ×54 · Scout Cavalry ×30
Feudal
8:59
Castle
25:48
Imperial
—
| APM avg | 83.0 |
| APM peak | 140 |
| eAPM avg | 30.3 |
| Villagers / military | 69 / 61 |
Focus
⚔️ 34.3% · 🌾 65.7%
Archer ×54 · Militia ×6 · Spearman ×1
Feudal
10:59
Castle
24:10
Imperial
—
| APM avg | 51.4 |
| APM peak | 102 |
| eAPM avg | 18.4 |
| Villagers / military | 49 / 82 |
Focus
⚔️ 30.5% · 🌾 69.5%
Archer ×81 · Spearman ×1
Feudal
—
Castle
—
Imperial
—
| APM avg | 15.4 |
| APM peak | 40 |
| eAPM avg | 10.7 |
| Villagers / military | 83 / 67 |
Focus
⚔️ 22.0% · 🌾 78.0%
Knight ×61 · Scout Cavalry ×6
Feudal
10:32
Castle
14:15
Imperial
—
| APM avg | 40.1 |
| APM peak | 126 |
| eAPM avg | 16.4 |
| Villagers / military | 58 / 1 |
Focus
⚔️ 15.4% · 🌾 84.6%
Mangonel ×1
Feudal
9:29
Castle
—
Imperial
—
| APM avg | 38.0 |
| APM peak | 114 |
| eAPM avg | 11.7 |
| Villagers / military | 44 / 23 |
Focus
⚔️ 25.2% · 🌾 74.8%
Archer ×20 · Spearman ×3
Feudal
8:52
Castle
23:39
Imperial
—
| APM avg | 40.9 |
| APM peak | 64 |
| eAPM avg | 21.1 |
| Villagers / military | 101 / 46 |
Focus
⚔️ 29.4% · 🌾 70.6%
Archer ×24 · War Wagon ×14 · Iron Pagoda ×4 · Battering Ram ×3 · Scout Cavalry ×1
Feudal
10:20
Castle
—
Imperial
—
| APM avg | 21.6 |
| APM peak | 126 |
| eAPM avg | 9.1 |
| Villagers / military | 52 / 16 |
Focus
⚔️ 24.9% · 🌾 75.1%
Camel Scout ×14 · Spearman ×2
Match map
Initial resources + every placement click. Lines = walls · curves = elevation contours. ◆ gold · ⬟ stone · ● berries · ✦ relic · ◌ wall gap
Your base· Open — unwalled flank
[GDL] la mesa bajo el cuy's base· Open — unwalled flank
don't grab nuke!'s base· Open — unwalled flank
GdN V4L3E's base· Open — unwalled flank
big daddy's base· Open — unwalled flank
OM | Romeo D. Sins's base· Open — unwalled flank
[GDL] El cuy sobre la mesa's base· Open — unwalled flank
OM | Massiosare's base· Open — unwalled flank
Smoothed initial terrain · ◌ = detected wall gap · hover for details
Inputs per minute
— [CL] Valen - - [GDL] la mesa bajo el cuy
Build order — [CL] Valen
First 150 of 310 actions detected
| 0:02 | Create | Villager (Male) |
| 0:03 | Create | Villager (Male) |
| 0:03 | Create | Villager (Male) |
| 0:04 | Build | House |
| 0:06 | Build | House |
| 0:10 | Create | Villager (Male) |
| 0:10 | Create | Villager (Male) |
| 1:33 | Create | Villager (Male) |
| 1:33 | Create | Villager (Male) |
| 2:03 | Create | Villager (Male) |
| 2:15 | Build | Lumber Camp |
| 2:22 | Create | Villager (Male) |
| 2:23 | Create | Villager (Male) |
| 2:51 | Create | Villager (Male) |
| 2:51 | Create | Villager (Male) |
| 3:08 | Create | Villager (Male) |
| 3:08 | Create | Villager (Male) |
| 3:26 | Build | House |
| 3:47 | Create | Villager (Male) |
| 3:47 | Create | Villager (Male) |
| 3:56 | Build | House |
| 4:07 | Create | Villager (Male) |
| 4:07 | Create | Villager (Male) |
| 4:30 | Create | Villager (Male) |
| 4:30 | Create | Villager (Male) |
| 4:31 | Create | Villager (Male) |
| 4:59 | Create | Villager (Male) |
| 5:02 | Create | Villager (Male) |
| 5:02 | Create | Villager (Male) |
| 5:26 | Create | Villager (Male) |
| 5:26 | Create | Villager (Male) |
| 5:34 | Build | Mill |
| 6:55 | Research | Feudal Age |
| 6:55 | Research | Feudal Age |
| 7:57 | Build | Barracks |
| 8:09 | Build | Palisade Wall |
| 8:10 | Build | Palisade Wall |
| 9:00 | Create | Villager (Male) |
| 9:05 | Age | Feudal Age |
| 9:06 | Build | Stable |
| 9:16 | Create | Villager (Male) |
| 9:22 | Research | Double-Bit Axe |
| 9:22 | Research | Double-Bit Axe |
| 9:55 | Create | Villager (Male) |
| 10:00 | Research | Horse Collar |
| 10:01 | Create | Scout Cavalry |
| 10:01 | Create | Scout Cavalry |
| 10:10 | Build | House |
| 10:12 | Create | Villager (Male) |
| 10:14 | Build | Farm |
| 10:24 | Create | Villager (Male) |
| 10:32 | Create | Villager (Male) |
| 10:45 | Build | House |
| 10:53 | Create | Villager (Male) |
| 11:04 | Build | Farm |
| 11:05 | Build | Farm |
| 11:05 | Build | Farm |
| 11:05 | Build | Farm |
| 11:05 | Build | Farm |
| 11:07 | Create | Villager (Male) |
| 11:16 | Build | House |
| 11:28 | Create | Scout Cavalry |
| 11:31 | Build | Farm |
| 11:31 | Build | Farm |
| 11:32 | Build | Farm |
| 11:40 | Build | Farm |
| 11:44 | Create | Villager (Male) |
| 11:53 | Build | Farm |
| 12:02 | Create | Villager (Male) |
| 12:12 | Build | House |
| 12:33 | Build | Mill |
| 12:36 | Create | Scout Cavalry |
| 12:39 | Create | Villager (Male) |
| 12:53 | Create | Villager (Male) |
| 12:58 | Build | House |
| 13:00 | Create | Villager (Male) |
| 13:25 | Create | Scout Cavalry |
| 13:28 | Create | Villager (Male) |
| 13:37 | Create | Villager (Male) |
| 13:40 | Build | House |
| 13:42 | Create | Scout Cavalry |
| 14:11 | Build | Farm |
| 14:11 | Build | Farm |
| 14:11 | Build | Farm |
| 14:12 | Build | Farm |
| 14:12 | Build | Farm |
| 14:12 | Build | Farm |
| 14:18 | Build | House |
| 14:21 | Create | Villager (Male) |
| 14:34 | Create | Villager (Male) |
| 14:36 | Build | Farm |
| 14:36 | Build | Farm |
| 14:36 | Build | Farm |
| 14:37 | Build | Farm |
| 14:46 | Research | Bloodlines |
| 14:50 | Build | House |
| 14:52 | Create | Villager (Male) |
| 15:04 | Create | Villager (Male) |
| 15:12 | Build | Blacksmith |
| 15:23 | Create | Villager (Male) |
| 15:28 | Build | Blacksmith |
| 15:31 | Create | Villager (Male) |
| 15:39 | Create | Villager (Male) |
| 15:43 | Build | Farm |
| 15:43 | Build | Farm |
| 15:43 | Build | Farm |
| 15:43 | Build | Farm |
| 15:44 | Build | Farm |
| 15:46 | Create | Villager (Male) |
| 15:53 | Create | Scout Cavalry |
| 15:53 | Create | Scout Cavalry |
| 16:11 | Create | Villager (Male) |
| 16:20 | Build | House |
| 16:24 | Create | Villager (Male) |
| 16:27 | Build | Mining Camp |
| 16:30 | Create | Scout Cavalry |
| 16:39 | Create | Scout Cavalry |
| 16:57 | Build | Palisade Gate |
| 17:00 | Create | Villager (Male) |
| 17:03 | Create | Villager (Male) |
| 17:09 | Build | Farm |
| 17:10 | Build | Farm |
| 17:15 | Create | Scout Cavalry |
| 17:29 | Create | Villager (Male) |
| 17:36 | Build | House |
| 17:46 | Create | Scout Cavalry |
| 17:53 | Build | Stable |
| 18:01 | Build | Farm |
| 18:07 | Create | Scout Cavalry |
| 18:11 | Create | Villager (Male) |
| 18:25 | Create | Villager (Male) |
| 18:27 | Create | Scout Cavalry |
| 18:28 | Research | Wheelbarrow |
| 18:52 | Build | Lumber Camp |
| 19:02 | Create | Scout Cavalry |
| 19:16 | Build | House |
| 19:18 | Research | Loom |
| 19:20 | Create | Scout Cavalry |
| 19:20 | Create | Scout Cavalry |
| 19:32 | Create | Villager (Male) |
| 19:40 | Create | Scout Cavalry |
| 20:01 | Build | House |
| 20:03 | Create | Villager (Male) |
| 20:30 | Research | Castle Age |
| 20:30 | Research | Castle Age |
| 20:40 | Build | House |
| 21:13 | Build | House |
| 21:17 | Research | Gold Mining |
| 21:38 | Create | Scout Cavalry |
| 21:39 | Create | Scout Cavalry |
Build order — [GDL] la mesa bajo el cuy
First 150 of 210 actions detected
| 0:00 | Create | Villager (Male) |
| 0:01 | Create | Villager (Male) |
| 0:01 | Create | Villager (Male) |
| 0:02 | Build | House |
| 0:03 | Build | House |
| 0:19 | Create | Villager (Male) |
| 1:32 | Create | Villager (Male) |
| 1:32 | Create | Villager (Male) |
| 1:58 | Create | Villager (Male) |
| 1:59 | Create | Villager (Male) |
| 2:25 | Create | Villager (Male) |
| 2:33 | Build | Lumber Camp |
| 3:00 | Create | Villager (Male) |
| 3:00 | Create | Villager (Male) |
| 3:00 | Create | Villager (Male) |
| 3:19 | Create | Villager (Male) |
| 3:54 | Build | Mill |
| 4:02 | Build | House |
| 4:06 | Create | Villager (Male) |
| 4:06 | Create | Villager (Male) |
| 4:26 | Build | Mill |
| 4:38 | Create | Villager (Male) |
| 5:01 | Create | Villager (Male) |
| 5:52 | Create | Villager (Male) |
| 6:20 | Research | Loom |
| 6:49 | Research | Feudal Age |
| 6:49 | Research | Feudal Age |
| 7:09 | Build | Barracks |
| 7:42 | Build | House |
| 7:59 | Build | Mining Camp |
| 8:03 | Create | Militia |
| 8:04 | Create | Militia |
| 8:04 | Create | Militia |
| 8:04 | Create | Militia |
| 8:18 | Build | House |
| 8:20 | Create | Villager (Male) |
| 8:25 | Create | Villager (Male) |
| 8:48 | Build | House |
| 8:51 | Create | Villager (Male) |
| 8:55 | Create | Militia |
| 8:55 | Create | Militia |
| 8:59 | Age | Feudal Age |
| 9:05 | Create | Villager (Male) |
| 9:10 | Research | Man-at-Arms (upgrade) |
| 9:14 | Research | Double-Bit Axe |
| 9:17 | Build | House |
| 9:24 | Create | Villager (Male) |
| 9:41 | Create | Villager (Male) |
| 10:15 | Create | Villager (Male) |
| 10:15 | Create | Villager (Male) |
| 10:15 | Create | Villager (Male) |
| 10:18 | Build | Archery Range |
| 10:34 | Create | Villager (Male) |
| 10:38 | Build | Archery Range |
| 11:22 | Create | Villager (Male) |
| 11:26 | Create | Archer |
| 11:26 | Create | Archer |
| 11:28 | Create | Villager (Male) |
| 11:41 | Build | Blacksmith |
| 11:41 | Create | Archer |
| 11:41 | Create | Archer |
| 11:50 | Create | Villager (Male) |
| 11:54 | Create | Archer |
| 12:04 | Create | Archer |
| 12:22 | Build | House |
| 12:24 | Create | Villager (Male) |
| 12:27 | Build | Mill |
| 12:31 | Create | Archer |
| 12:40 | Create | Archer |
| 12:40 | Create | Archer |
| 13:01 | Research | Fletching |
| 13:13 | Create | Archer |
| 13:18 | Create | Spearman |
| 13:46 | Create | Archer |
| 13:46 | Create | Archer |
| 13:47 | Create | Villager (Male) |
| 13:48 | Create | Villager (Male) |
| 14:23 | Create | Archer |
| 14:32 | Create | Villager (Male) ×2 |
| 14:43 | Create | Archer |
| 14:47 | Build | Stone Wall |
| 14:53 | Create | Villager (Male) |
| 15:01 | Build | Farm |
| 15:01 | Build | Farm |
| 15:01 | Build | Farm |
| 15:01 | Build | Farm |
| 15:01 | Build | Farm |
| 15:07 | Create | Archer |
| 15:21 | Create | Archer |
| 15:22 | Create | Archer |
| 15:29 | Create | Archer |
| 15:29 | Create | Archer |
| 15:53 | Create | Villager (Male) |
| 15:58 | Create | Villager (Male) |
| 16:07 | Build | Mining Camp |
| 16:10 | Create | Villager (Male) |
| 16:16 | Create | Villager (Male) |
| 16:36 | Create | Archer |
| 16:42 | Build | Gate |
| 16:46 | Create | Villager (Male) |
| 16:48 | Build | House |
| 16:50 | Research | Wheelbarrow |
| 17:15 | Create | Archer |
| 17:26 | Build | Farm |
| 17:26 | Build | Farm |
| 17:27 | Build | Farm |
| 17:27 | Build | Farm |
| 17:28 | Create | Villager (Male) |
| 17:28 | Create | Archer |
| 17:46 | Create | Villager (Male) |
| 17:48 | Build | Stone Wall |
| 17:50 | Create | Villager (Male) |
| 18:01 | Build | Lumber Camp |
| 18:14 | Build | Stone Wall |
| 18:22 | Build | Stone Wall |
| 18:25 | Create | Villager (Male) |
| 18:28 | Create | Archer |
| 18:28 | Create | Archer |
| 18:49 | Create | Archer |
| 18:53 | Create | Archer |
| 18:53 | Create | Villager (Male) |
| 18:55 | Build | Farm |
| 18:55 | Build | Farm |
| 18:56 | Build | Farm |
| 18:56 | Create | Archer |
| 18:58 | Create | Villager (Male) |
| 19:13 | Build | House |
| 19:26 | Create | Villager (Male) |
| 19:30 | Create | Villager (Male) |
| 19:32 | Build | Farm |
| 19:35 | Build | House |
| 19:35 | Build | House |
| 19:35 | Build | House |
| 19:54 | Create | Archer |
| 20:00 | Build | Stone Wall |
| 20:10 | Create | Villager (Male) |
| 20:13 | Build | Farm |
| 20:13 | Build | Farm |
| 20:13 | Build | Farm |
| 20:13 | Build | Farm |
| 20:13 | Build | Farm |
| 20:15 | Create | Villager (Male) |
| 20:29 | Create | Villager (Male) |
| 21:01 | Create | Villager (Male) |
| 21:22 | Create | Archer |
| 21:28 | Build | Farm |
| 21:29 | Build | Farm |
| 21:29 | Build | Farm |
| 21:29 | Build | Farm |
| 21:29 | Build | Farm |
Build order — don't grab nuke!
First 150 of 194 actions detected
| 0:02 | Research | Loom |
| 0:03 | Create | Villager (Male) ×3 |
| 0:04 | Build | House |
| 0:06 | Build | House |
| 1:27 | Create | Villager (Male) |
| 1:27 | Create | Villager (Male) |
| 2:01 | Create | Villager (Male) |
| 2:14 | Build | Lumber Camp |
| 2:17 | Create | Villager (Male) |
| 2:18 | Create | Villager (Male) |
| 2:53 | Create | Villager (Male) |
| 3:04 | Create | Villager (Male) |
| 3:04 | Create | Villager (Male) |
| 3:30 | Create | Villager (Male) |
| 3:30 | Create | Villager (Male) |
| 3:51 | Build | House |
| 3:54 | Create | Villager (Male) |
| 4:18 | Build | Mill |
| 4:38 | Create | Villager (Male) |
| 4:38 | Create | Villager (Male) |
| 5:02 | Create | Villager (Male) |
| 5:03 | Create | Villager (Male) |
| 5:18 | Create | Villager (Male) |
| 5:18 | Create | Villager (Male) |
| 5:39 | Create | Villager (Male) |
| 5:42 | Build | House |
| 5:58 | Build | Farm |
| 6:12 | Create | Villager (Male) |
| 6:12 | Create | Villager (Male) |
| 6:13 | Create | Villager (Male) |
| 6:13 | Create | Villager (Male) |
| 6:52 | Build | Farm |
| 6:57 | Build | Farm |
| 7:28 | Build | Mining Camp |
| 7:58 | Create | Villager (Male) |
| 7:59 | Create | Villager (Male) |
| 8:19 | Create | Villager (Male) |
| 8:49 | Research | Feudal Age |
| 9:08 | Build | House |
| 9:53 | Build | Barracks |
| 9:58 | Create | Villager (Male) |
| 10:59 | Age | Feudal Age |
| 11:00 | Build | Archery Range |
| 11:02 | Research | Double-Bit Axe |
| 11:06 | Create | Villager (Male) |
| 11:08 | Create | Villager (Male) |
| 12:01 | Build | Archery Range |
| 12:03 | Create | Archer |
| 12:03 | Create | Archer |
| 12:12 | Create | Villager (Male) |
| 12:12 | Create | Villager (Male) |
| 12:43 | Build | House |
| 12:49 | Create | Archer |
| 12:58 | Create | Archer |
| 13:05 | Create | Archer |
| 13:19 | Build | Watch Tower |
| 13:25 | Create | Archer |
| 13:40 | Research | Horse Collar |
| 13:48 | Create | Archer |
| 13:48 | Create | Archer |
| 13:55 | Create | Spearman |
| 13:58 | Build | House |
| 14:14 | Create | Archer |
| 14:14 | Create | Archer |
| 14:42 | Create | Villager (Male) |
| 14:42 | Create | Villager (Male) |
| 14:44 | Create | Villager (Male) |
| 14:44 | Create | Villager (Male) |
| 14:59 | Create | Archer |
| 14:59 | Create | Archer |
| 15:06 | Build | Blacksmith |
| 15:09 | Build | House |
| 15:24 | Build | House |
| 15:33 | Create | Archer |
| 15:50 | Research | Fletching |
| 15:50 | Research | Padded Archer Armor |
| 15:55 | Build | Farm |
| 15:58 | Build | Farm |
| 16:07 | Create | Archer |
| 16:07 | Create | Archer |
| 16:24 | Build | House |
| 16:25 | Build | House |
| 16:33 | Create | Villager (Male) |
| 16:33 | Create | Villager (Male) |
| 16:58 | Create | Archer |
| 16:58 | Create | Archer |
| 17:00 | Create | Villager (Male) |
| 17:05 | Build | Farm |
| 17:06 | Build | Farm |
| 17:41 | Create | Archer |
| 17:41 | Create | Archer |
| 17:48 | Build | Farm |
| 17:51 | Build | Farm |
| 17:56 | Research | Wheelbarrow |
| 17:58 | Create | Archer |
| 17:59 | Create | Archer |
| 17:59 | Create | Villager (Male) |
| 18:12 | Build | Farm |
| 18:28 | Build | House |
| 18:29 | Build | House |
| 18:33 | Create | Villager (Male) |
| 18:42 | Create | Archer |
| 18:43 | Create | Archer |
| 19:00 | Create | Archer |
| 19:00 | Create | Archer |
| 19:02 | Create | Villager (Male) |
| 19:02 | Create | Villager (Male) |
| 19:08 | Build | Farm |
| 19:16 | Build | Farm |
| 19:19 | Build | Farm |
| 19:46 | Build | Farm |
| 19:48 | Create | Villager (Male) |
| 19:51 | Create | Archer |
| 19:51 | Create | Archer |
| 20:44 | Create | Archer |
| 20:44 | Create | Archer |
| 21:30 | Research | Castle Age |
| 21:34 | Build | Archery Range |
| 21:39 | Create | Archer |
| 21:39 | Create | Archer |
| 21:41 | Build | House |
| 21:42 | Build | House |
| 21:43 | Build | House |
| 21:43 | Build | House |
| 22:32 | Create | Archer |
| 22:32 | Create | Archer |
| 22:37 | Create | Archer |
| 22:38 | Create | Archer |
| 22:38 | Create | Archer |
| 23:19 | Create | Villager (Male) |
| 23:20 | Create | Archer |
| 23:20 | Create | Archer |
| 23:21 | Create | Archer |
| 23:21 | Create | Archer |
| 23:25 | Build | Mining Camp |
| 24:10 | Age | Castle Age |
| 24:21 | Create | Villager (Male) |
| 24:26 | Research | Crossbowman (upgrade) |
| 24:28 | Create | Archer |
| 24:28 | Create | Archer |
| 24:28 | Create | Archer |
| 24:28 | Create | Archer |
| 24:29 | Create | Archer |
| 24:29 | Create | Archer |
| 24:33 | Build | House |
| 24:34 | Build | House |
| 24:37 | Build | Palisade Wall |
| 24:39 | Build | House |
| 24:42 | Build | Palisade Wall |
| 24:45 | Build | Palisade Wall |
Build order — GdN V4L3E
First 150 of 190 actions detected
| 0:02 | Create | Villager (Male) |
| 0:03 | Create | Villager (Male) |
| 0:03 | Create | Villager (Male) |
| 0:05 | Build | House |
| 0:07 | Build | House |
| 1:02 | Create | Villager (Male) |
| 1:02 | Create | Villager (Male) |
| 1:38 | Create | Villager (Male) |
| 2:01 | Create | Villager (Male) |
| 2:27 | Create | Villager (Male) |
| 2:32 | Build | Lumber Camp |
| 2:59 | Create | Villager (Male) |
| 3:30 | Create | Villager (Male) |
| 3:30 | Create | Villager (Male) |
| 3:52 | Create | Villager (Male) |
| 4:23 | Create | Villager (Male) |
| 4:49 | Build | House |
| 4:56 | Build | House |
| 5:11 | Create | Villager (Male) |
| 5:11 | Create | Villager (Male) |
| 5:11 | Create | Villager (Male) |
| 6:20 | Create | Villager (Male) |
| 6:37 | Build | Mill |
| 6:41 | Create | Villager (Male) |
| 6:41 | Create | Villager (Male) |
| 6:42 | Create | Villager (Male) |
| 7:33 | Create | Villager (Male) |
| 7:34 | Create | Villager (Male) |
| 8:14 | Build | House |
| 8:15 | Build | House |
| 8:42 | Build | Barracks |
| 8:56 | Research | Feudal Age |
| 8:57 | Research | Loom |
| 9:26 | Build | Palisade Gate |
| 10:16 | Create | Villager (Male) |
| 10:16 | Create | Villager (Male) |
| 10:17 | Create | Villager (Male) |
| 10:30 | Build | Lumber Camp |
| 11:02 | Research | Double-Bit Axe |
| 11:12 | Build | Stable |
| 11:15 | Build | Stable |
| 11:22 | Research | Horse Collar |
| 11:44 | Build | Palisade Wall |
| 11:54 | Build | Palisade Gate |
| 12:07 | Create | Villager (Male) |
| 12:08 | Create | Villager (Male) |
| 12:08 | Create | Villager (Male) |
| 12:13 | Build | Farm |
| 12:18 | Build | Farm |
| 12:43 | Create | Villager (Male) |
| 12:44 | Create | Villager (Male) |
| 12:48 | Build | Farm |
| 12:53 | Build | Farm |
| 13:27 | Build | Farm |
| 13:33 | Build | Farm |
| 13:34 | Create | Villager (Male) |
| 13:35 | Create | Villager (Male) |
| 14:03 | Build | Farm |
| 14:17 | Build | Mining Camp |
| 14:27 | Build | Farm |
| 14:28 | Build | Farm |
| 14:40 | Create | Villager (Male) |
| 14:41 | Create | Villager (Male) |
| 14:53 | Build | Palisade Wall |
| 15:14 | Build | Farm |
| 15:20 | Build | Farm |
| 15:24 | Build | Farm |
| 15:30 | Build | Farm |
| 15:42 | Build | House |
| 15:44 | Build | House |
| 15:46 | Build | House |
| 16:02 | Research | Wheelbarrow |
| 17:14 | Build | Blacksmith |
| 17:46 | Research | Gold Mining |
| 17:54 | Research | Castle Age |
| 18:09 | Build | Stable |
| 18:12 | Build | Stable |
| 18:28 | Create | Villager (Male) |
| 18:28 | Create | Villager (Male) |
| 18:29 | Create | Villager (Male) |
| 18:29 | Create | Villager (Male) |
| 18:29 | Create | Villager (Male) |
| 18:40 | Build | House |
| 19:04 | Research | Bloodlines |
| 19:14 | Create | Villager (Male) |
| 19:59 | Research | Scale Barding Armor |
| 20:23 | Build | Town Center |
| 20:30 | Create | Knight ×4 |
| 20:46 | Build | Market |
| 21:00 | Research | Heavy Plow |
| 21:36 | Build | Town Center |
| 21:43 | Create | Villager (Male) |
| 21:43 | Create | Villager (Male) |
| 21:43 | Create | Villager (Male) |
| 21:43 | Create | Villager (Male) |
| 22:07 | Build | Farm |
| 22:12 | Build | Farm |
| 22:18 | Build | Farm |
| 22:26 | Create | Knight ×2 |
| 22:47 | Create | Villager (Male) |
| 22:47 | Create | Villager (Male) |
| 22:48 | Create | Villager (Male) |
| 22:48 | Create | Villager (Male) |
| 22:57 | Create | Knight |
| 23:16 | Create | Knight |
| 24:16 | Create | Scout Cavalry ×5 |
| 24:16 | Create | Scout Cavalry |
| 24:35 | Create | Knight ×4 |
| 24:36 | Create | Villager (Male) |
| 24:37 | Create | Villager (Male) |
| 24:37 | Create | Villager (Male) |
| 24:37 | Create | Villager (Male) |
| 24:38 | Create | Villager (Male) |
| 24:48 | Build | Farm |
| 24:48 | Build | Farm |
| 24:49 | Build | Farm |
| 24:49 | Build | Farm |
| 24:50 | Build | Farm |
| 24:50 | Build | Farm |
| 24:50 | Build | Farm |
| 24:50 | Build | Farm |
| 24:51 | Build | Farm |
| 24:51 | Build | Farm |
| 24:51 | Build | Farm |
| 24:51 | Build | Farm |
| 24:51 | Build | Farm |
| 24:52 | Build | Farm |
| 24:52 | Build | Farm |
| 24:52 | Build | Farm |
| 24:56 | Create | Villager (Male) |
| 24:56 | Create | Villager (Male) |
| 24:56 | Create | Villager (Male) |
| 24:57 | Create | Villager (Male) |
| 24:57 | Create | Villager (Male) |
| 25:01 | Create | Villager (Male) |
| 25:19 | Build | Farm |
| 25:23 | Create | Knight ×3 |
| 25:30 | Build | House |
| 25:30 | Build | House |
| 25:31 | Build | House |
| 25:32 | Build | House |
| 25:52 | Build | Farm |
| 25:57 | Create | Knight ×2 |
| 25:57 | Create | Knight ×2 |
| 26:09 | Create | Villager (Male) |
| 26:09 | Create | Villager (Male) |
| 26:10 | Create | Villager (Male) |
| 26:10 | Create | Villager (Male) |
| 26:27 | Build | Farm |
| 26:27 | Build | Farm |
Build order — big daddy
114 actions detected in the replay
| 0:01 | Build | House |
| 0:02 | Create | Villager (Male) |
| 0:02 | Create | Villager (Male) ×3 |
| 0:05 | Build | House |
| 1:33 | Create | Villager (Male) |
| 1:59 | Create | Villager (Male) |
| 2:06 | Create | Villager (Male) |
| 2:16 | Build | Lumber Camp |
| 2:48 | Create | Villager (Male) |
| 3:15 | Create | Villager (Male) |
| 3:33 | Create | Villager (Male) |
| 3:55 | Build | House |
| 4:09 | Create | Villager (Male) |
| 4:10 | Create | Villager (Male) |
| 4:20 | Build | Mill |
| 4:46 | Create | Villager (Male) |
| 5:17 | Create | Villager (Male) |
| 5:17 | Create | Villager (Male) |
| 5:17 | Create | Villager (Male) |
| 5:41 | Create | Villager (Male) |
| 5:46 | Build | House |
| 5:55 | Create | Villager (Male) |
| 6:10 | Create | Villager (Male) |
| 6:20 | Build | Mill |
| 6:30 | Create | Villager (Male) |
| 7:19 | Create | Villager (Male) |
| 8:14 | Build | Mining Camp |
| 8:16 | Research | Feudal Age |
| 8:16 | Research | Feudal Age |
| 8:43 | Create | Villager (Male) |
| 8:43 | Create | Villager (Male) |
| 8:59 | Build | House |
| 10:32 | Age | Feudal Age |
| 10:34 | Build | Market |
| 10:55 | Build | Blacksmith |
| 11:35 | Research | Castle Age |
| 11:36 | Research | Castle Age |
| 12:19 | Research | Double-Bit Axe |
| 13:01 | Research | Horse Collar |
| 13:34 | Create | Villager (Male) |
| 14:15 | Age | Castle Age |
| 14:17 | Build | Town Center |
| 14:32 | Research | Bow Saw |
| 14:41 | Build | Siege Workshop |
| 14:49 | Create | Villager (Male) |
| 15:02 | Build | Farm |
| 15:14 | Create | Villager (Male) |
| 15:33 | Build | Farm |
| 15:35 | Build | Farm |
| 15:36 | Build | Farm |
| 15:40 | Build | House |
| 15:48 | Build | Farm |
| 15:59 | Build | Farm |
| 16:10 | Build | Farm |
| 16:17 | Build | Farm |
| 16:19 | Create | Villager (Male) |
| 16:19 | Create | Villager (Male) |
| 16:30 | Build | Farm |
| 16:36 | Create | Villager (Male) |
| 16:43 | Build | Farm |
| 16:55 | Create | Villager (Male) |
| 16:57 | Build | Farm |
| 17:05 | Build | Farm |
| 17:08 | Create | Villager (Male) |
| 17:12 | Build | Farm |
| 17:29 | Create | Villager (Male) |
| 17:32 | Build | Farm |
| 17:35 | Create | Mangonel |
| 17:40 | Create | Villager (Male) |
| 17:48 | Build | Farm |
| 17:49 | Create | Villager (Male) |
| 17:53 | Build | Farm |
| 17:57 | Build | Farm |
| 18:00 | Create | Villager (Male) |
| 18:00 | Create | Villager (Male) |
| 18:09 | Create | Villager (Male) |
| 18:09 | Create | Villager (Male) |
| 18:09 | Create | Villager (Male) |
| 18:11 | Build | Farm |
| 18:17 | Create | Villager (Male) |
| 18:25 | Build | Farm |
| 18:31 | Create | Villager (Male) |
| 18:38 | Create | Villager (Male) |
| 18:38 | Create | Villager (Male) |
| 18:49 | Build | House |
| 19:06 | Build | Farm |
| 19:08 | Research | Wheelbarrow |
| 19:10 | Research | Loom |
| 19:14 | Create | Villager (Male) |
| 19:14 | Create | Villager (Male) |
| 19:26 | Create | Villager (Male) |
| 19:27 | Create | Villager (Male) |
| 19:31 | Build | Farm |
| 19:35 | Build | Farm |
| 19:43 | Create | Villager (Male) |
| 19:43 | Create | Villager (Male) |
| 19:50 | Build | House |
| 19:51 | Build | House |
| 19:52 | Build | House |
| 19:55 | Build | Town Center |
| 20:02 | Create | Villager (Male) |
| 20:03 | Create | Villager (Male) |
| 20:06 | Build | Farm |
| 20:54 | Create | Villager (Male) |
| 21:13 | Build | Farm |
| 22:14 | Create | Villager (Male) |
| 22:14 | Create | Villager (Male) |
| 22:16 | Build | Farm |
| 22:17 | Build | Farm |
| 22:17 | Build | Farm |
| 22:51 | Create | Villager (Male) |
| 22:51 | Create | Villager (Male) |
| 22:52 | Create | Villager (Male) |
| 22:52 | Create | Villager (Male) |
Build order — OM | Romeo D. Sins
113 actions detected in the replay
| 0:01 | Create | Villager (Male) |
| 0:01 | Create | Villager (Male) |
| 0:01 | Create | Villager (Male) |
| 0:01 | Create | Villager (Male) |
| 0:02 | Create | Villager (Male) |
| 0:03 | Build | House |
| 0:04 | Build | House |
| 1:24 | Create | Villager (Male) |
| 2:15 | Create | Villager (Male) |
| 2:15 | Create | Villager (Male) |
| 2:52 | Build | Lumber Camp |
| 3:01 | Create | Villager (Male) |
| 3:01 | Create | Villager (Male) |
| 3:02 | Create | Villager (Male) |
| 3:22 | Create | Villager (Male) |
| 3:22 | Create | Villager (Male) |
| 3:59 | Create | Villager (Male) |
| 4:30 | Build | House |
| 4:32 | Create | Villager (Male) |
| 4:32 | Create | Villager (Male) |
| 4:49 | Research | Loom |
| 4:50 | Create | Villager (Male) |
| 5:20 | Create | Villager (Male) |
| 5:44 | Create | Villager (Male) |
| 5:48 | Build | Mill |
| 6:11 | Create | Villager (Male) |
| 6:51 | Create | Villager (Male) |
| 7:14 | Research | Feudal Age |
| 7:49 | Build | Barracks |
| 7:58 | Build | House |
| 8:26 | Build | Palisade Wall |
| 8:58 | Create | Villager (Male) |
| 9:05 | Build | Mining Camp |
| 9:10 | Create | Villager (Male) |
| 9:29 | Age | Feudal Age |
| 9:32 | Build | Archery Range |
| 9:43 | Build | Archery Range |
| 10:02 | Create | Villager (Male) |
| 10:14 | Create | Villager (Male) |
| 10:21 | Create | Archer |
| 10:28 | Build | Archery Range |
| 11:02 | Create | Archer |
| 11:13 | Create | Archer |
| 11:16 | Create | Spearman |
| 11:18 | Create | Villager (Male) |
| 11:20 | Create | Villager (Male) |
| 11:26 | Build | House |
| 11:27 | Build | House |
| 11:32 | Build | Gate |
| 11:37 | Build | Gate |
| 11:40 | Build | Gate |
| 12:08 | Build | Farm |
| 12:14 | Create | Archer |
| 12:26 | Build | Farm |
| 12:27 | Build | Farm |
| 12:29 | Create | Villager (Male) |
| 12:30 | Create | Villager (Male) |
| 12:37 | Build | Farm |
| 12:40 | Create | Villager (Male) |
| 12:52 | Create | Archer |
| 12:57 | Create | Spearman |
| 12:58 | Create | Villager (Male) |
| 13:00 | Build | Farm |
| 13:04 | Build | House |
| 13:05 | Build | House |
| 13:54 | Build | Farm |
| 13:55 | Build | Farm |
| 13:56 | Build | Farm |
| 14:01 | Create | Villager (Male) |
| 14:05 | Build | Farm |
| 14:07 | Create | Villager (Male) |
| 14:14 | Create | Archer |
| 14:31 | Create | Spearman |
| 14:33 | Create | Villager (Male) |
| 14:38 | Build | Farm |
| 14:40 | Create | Villager (Male) |
| 14:55 | Create | Archer |
| 15:21 | Create | Archer |
| 15:35 | Create | Villager (Male) |
| 15:45 | Build | Archery Range |
| 15:59 | Build | Farm |
| 16:01 | Create | Archer |
| 16:10 | Create | Villager (Male) |
| 16:25 | Create | Archer |
| 16:30 | Research | Double-Bit Axe |
| 16:34 | Create | Villager (Male) |
| 16:41 | Create | Archer |
| 16:42 | Create | Archer |
| 17:07 | Create | Archer |
| 17:08 | Create | Archer |
| 17:15 | Build | Blacksmith |
| 17:18 | Create | Villager (Male) |
| 17:30 | Create | Archer |
| 17:31 | Create | Villager (Male) |
| 17:35 | Build | House |
| 17:36 | Build | House |
| 17:38 | Create | Villager (Male) |
| 17:50 | Create | Archer |
| 17:53 | Build | Farm |
| 18:08 | Research | Fletching |
| 18:09 | Research | Padded Archer Armor |
| 18:10 | Create | Villager (Male) |
| 18:15 | Build | House |
| 18:19 | Build | House |
| 18:22 | Build | Farm |
| 18:32 | Create | Archer |
| 18:32 | Create | Archer |
| 18:37 | Create | Archer |
| 18:38 | Create | Archer |
| 19:04 | Build | Watch Tower |
| 19:15 | Create | Villager (Male) |
| 19:20 | Build | Mining Camp |
| 19:24 | Create | Villager (Male) |
Build order — [GDL] El cuy sobre la mesa
First 150 of 222 actions detected
| 0:01 | Create | Villager (Male) |
| 0:03 | Build | House |
| 0:04 | Build | House |
| 0:06 | Create | Villager (Male) |
| 0:06 | Create | Villager (Male) |
| 0:14 | Create | Villager (Male) |
| 0:18 | Build | House |
| 1:36 | Create | Villager (Male) |
| 1:36 | Create | Villager (Male) |
| 1:54 | Create | Villager (Male) |
| 1:54 | Create | Villager (Male) |
| 2:18 | Create | Villager (Male) |
| 2:56 | Create | Villager (Male) |
| 2:57 | Create | Villager (Male) |
| 3:11 | Create | Villager (Male) |
| 3:11 | Create | Villager (Male) |
| 3:23 | Build | Lumber Camp |
| 3:28 | Create | Villager (Male) |
| 3:28 | Create | Villager (Male) |
| 3:44 | Create | Villager (Male) |
| 4:12 | Create | Villager (Male) |
| 4:12 | Create | Villager (Male) |
| 4:19 | Create | Villager (Male) |
| 4:51 | Create | Villager (Male) |
| 4:51 | Create | Villager (Male) |
| 5:02 | Create | Villager (Male) |
| 5:23 | Build | Mining Camp |
| 5:39 | Create | Villager (Male) |
| 5:47 | Create | Villager (Male) |
| 5:51 | Create | Villager (Male) |
| 5:56 | Research | Loom |
| 6:42 | Research | Feudal Age |
| 6:42 | Research | Feudal Age |
| 7:28 | Build | House |
| 8:06 | Build | Barracks |
| 8:10 | Create | Villager (Male) |
| 8:11 | Create | Villager (Male) |
| 8:33 | Create | Villager (Male) |
| 8:47 | Build | House |
| 8:51 | Build | Palisade Wall |
| 8:52 | Age | Feudal Age |
| 8:55 | Build | Archery Range |
| 9:23 | Create | Villager (Male) |
| 9:29 | Build | Blacksmith |
| 9:39 | Create | Archer |
| 9:42 | Create | Villager (Male) |
| 9:51 | Build | House |
| 9:54 | Build | Palisade Wall |
| 10:10 | Build | Palisade Wall |
| 10:18 | Create | Villager (Male) |
| 10:23 | Create | Archer |
| 10:38 | Create | Archer |
| 11:04 | Build | Mill |
| 11:06 | Create | Villager (Male) |
| 11:10 | Create | Archer |
| 11:26 | Create | Villager (Male) |
| 11:28 | Create | Archer |
| 11:32 | Build | Palisade Wall |
| 11:38 | Create | Archer |
| 11:52 | Research | Fletching |
| 11:52 | Research | Fletching |
| 12:02 | Build | Palisade Wall |
| 12:03 | Create | Archer |
| 12:10 | Create | Villager (Male) |
| 12:10 | Create | Villager (Male) |
| 12:32 | Build | Farm |
| 12:36 | Create | Villager (Male) |
| 12:36 | Create | Villager (Male) |
| 12:47 | Build | Archery Range |
| 12:53 | Build | House |
| 13:01 | Create | Archer |
| 13:13 | Create | Villager (Male) |
| 13:28 | Build | Palisade Gate |
| 13:35 | Build | House |
| 13:41 | Build | Farm |
| 13:43 | Build | Farm |
| 13:50 | Create | Villager (Male) |
| 13:50 | Create | Villager (Male) |
| 13:54 | Build | Farm |
| 13:55 | Create | Archer |
| 13:56 | Create | Archer |
| 14:06 | Build | Farm |
| 14:12 | Create | Villager (Male) |
| 14:12 | Create | Villager (Male) |
| 14:36 | Build | Mill |
| 14:44 | Create | Villager (Male) |
| 14:44 | Create | Villager (Male) |
| 14:48 | Build | House |
| 14:53 | Create | Archer |
| 15:05 | Create | Villager (Male) |
| 15:12 | Build | Farm |
| 15:26 | Build | House |
| 15:33 | Build | Stone Wall |
| 15:33 | Create | Villager (Male) |
| 15:35 | Create | Archer |
| 15:35 | Create | Archer |
| 15:40 | Create | Villager (Male) |
| 15:42 | Build | Farm |
| 16:00 | Create | Archer |
| 16:00 | Create | Archer |
| 16:06 | Build | Farm |
| 16:07 | Create | Villager (Male) |
| 16:13 | Research | Double-Bit Axe |
| 16:13 | Research | Double-Bit Axe |
| 16:19 | Create | Villager (Male) |
| 16:27 | Create | Archer |
| 16:28 | Create | Archer |
| 16:32 | Build | Farm |
| 16:51 | Create | Villager (Male) |
| 17:26 | Create | Archer |
| 17:26 | Create | Archer |
| 17:27 | Create | Villager (Male) |
| 17:27 | Create | Villager (Male) |
| 17:40 | Create | Archer |
| 17:41 | Create | Archer |
| 17:47 | Create | Villager (Male) |
| 17:54 | Build | Mining Camp |
| 18:05 | Research | Horse Collar |
| 18:05 | Research | Horse Collar |
| 18:09 | Build | Farm |
| 18:25 | Build | Gate |
| 18:33 | Build | Stone Wall |
| 18:40 | Create | Villager (Male) |
| 18:43 | Create | Villager (Male) |
| 18:48 | Build | House |
| 18:49 | Build | House |
| 19:04 | Create | Villager (Male) |
| 19:22 | Build | Market |
| 19:30 | Create | Villager (Male) |
| 19:32 | Build | Farm |
| 19:39 | Build | Farm |
| 19:40 | Create | Villager (Male) |
| 19:59 | Build | Stone Wall |
| 20:04 | Create | Archer |
| 20:05 | Create | Archer |
| 20:06 | Create | Villager (Male) |
| 20:09 | Create | Villager (Male) |
| 20:39 | Research | Castle Age |
| 20:48 | Build | Stable |
| 20:49 | Create | Villager (Male) |
| 20:57 | Build | Watch Tower |
| 21:18 | Create | Villager (Male) |
| 21:53 | Create | Villager (Male) |
| 21:56 | Build | Farm |
| 22:04 | Create | Scout Cavalry |
| 22:37 | Build | Watch Tower |
| 22:45 | Create | Archer |
| 22:46 | Create | Villager (Male) |
| 22:59 | Create | Villager (Male) |
| 23:12 | Create | Villager (Male) |
Build order — OM | Massiosare
126 actions detected in the replay
| 0:01 | Create | Villager (Male) |
| 0:01 | Create | Villager (Male) |
| 0:02 | Build | House |
| 0:06 | Build | House |
| 0:06 | Create | Villager (Male) |
| 0:07 | Create | Villager (Male) |
| 1:02 | Build | Mill |
| 1:34 | Create | Villager (Male) |
| 2:04 | Create | Villager (Male) |
| 2:05 | Create | Villager (Male) |
| 2:35 | Create | Villager (Male) |
| 2:35 | Create | Villager (Male) |
| 3:04 | Create | Villager (Male) |
| 3:04 | Create | Villager (Male) |
| 3:17 | Build | House |
| 3:19 | Build | House |
| 3:45 | Create | Villager (Male) |
| 3:46 | Create | Villager (Male) |
| 3:46 | Create | Villager (Male) |
| 3:46 | Create | Villager (Male) |
| 3:59 | Create | Villager (Male) |
| 4:32 | Create | Villager (Male) |
| 4:32 | Create | Villager (Male) |
| 4:33 | Create | Villager (Male) |
| 5:49 | Build | Mill |
| 6:04 | Create | Villager (Male) |
| 6:15 | Build | Lumber Camp |
| 6:30 | Create | Villager (Male) |
| 7:04 | Create | Villager (Male) |
| 7:40 | Create | Villager (Male) |
| 7:52 | Build | Mining Camp |
| 8:10 | Research | Feudal Age |
| 8:59 | Build | Barracks |
| 10:00 | Build | House |
| 10:20 | Age | Feudal Age |
| 10:23 | Build | Stable |
| 10:30 | Create | Villager (Male) |
| 10:55 | Create | Villager (Male) |
| 11:06 | Create | Camel Scout |
| 11:06 | Create | Camel Scout |
| 11:13 | Create | Villager (Male) |
| 11:19 | Build | Stone Wall |
| 11:26 | Build | Stable |
| 11:27 | Create | Villager (Male) |
| 11:29 | Create | Camel Scout |
| 11:33 | Create | Villager (Male) |
| 11:48 | Build | House |
| 11:56 | Build | Blacksmith |
| 11:58 | Create | Villager (Male) |
| 12:04 | Create | Camel Scout |
| 12:41 | Create | Villager (Male) |
| 12:47 | Build | House |
| 12:48 | Build | House |
| 13:13 | Create | Camel Scout |
| 13:13 | Create | Camel Scout |
| 13:47 | Create | Camel Scout |
| 13:48 | Create | Camel Scout |
| 14:16 | Create | Camel Scout |
| 14:16 | Create | Camel Scout |
| 15:02 | Create | Villager (Male) |
| 15:02 | Create | Villager (Male) |
| 15:03 | Build | Farm |
| 15:04 | Build | Farm |
| 15:04 | Build | Farm |
| 15:05 | Build | Farm |
| 15:06 | Build | Farm |
| 15:06 | Build | Farm |
| 15:06 | Build | Farm |
| 15:10 | Research | Loom |
| 15:16 | Create | Spearman |
| 15:16 | Create | Spearman |
| 15:18 | Create | Villager (Male) |
| 15:18 | Create | Villager (Male) |
| 15:29 | Create | Villager (Male) |
| 15:30 | Create | Villager (Male) |
| 15:37 | Build | Palisade Wall |
| 15:41 | Build | Palisade Wall |
| 15:50 | Create | Villager (Male) |
| 15:50 | Create | Villager (Male) |
| 15:52 | Build | Palisade Wall |
| 16:01 | Build | Palisade Wall |
| 16:03 | Build | Palisade Wall |
| 16:04 | Build | Palisade Wall |
| 16:04 | Build | Palisade Wall |
| 16:05 | Build | Palisade Wall |
| 16:06 | Build | Palisade Wall |
| 16:14 | Build | Farm |
| 16:15 | Create | Camel Scout |
| 16:16 | Create | Camel Scout |
| 16:28 | Create | Villager (Male) |
| 16:36 | Build | Farm |
| 16:36 | Create | Villager (Male) |
| 16:42 | Build | Gate |
| 16:43 | Create | Villager (Male) |
| 16:44 | Create | Villager (Male) |
| 16:48 | Build | Palisade Wall |
| 17:23 | Create | Villager (Male) |
| 17:23 | Create | Villager (Male) |
| 17:25 | Build | Farm |
| 17:26 | Build | Farm |
| 17:26 | Build | Farm |
| 17:52 | Build | Farm |
| 17:53 | Build | Farm |
| 17:53 | Build | Farm |
| 17:54 | Build | Farm |
| 17:54 | Build | Farm |
| 17:55 | Build | Farm |
| 17:57 | Create | Villager (Male) |
| 18:09 | Build | Stone Wall |
| 18:12 | Create | Villager (Male) |
| 18:26 | Build | Farm |
| 18:29 | Build | Farm |
| 18:41 | Build | Farm |
| 19:28 | Create | Camel Scout |
| 19:29 | Create | Camel Scout |
| 19:31 | Create | Villager (Male) |
| 19:38 | Build | Stable |
| 19:48 | Create | Villager (Male) |
| 19:48 | Create | Villager (Male) |
| 19:48 | Create | Villager (Male) |
| 19:53 | Build | Farm |
| 20:04 | Build | House |
| 20:05 | Create | Villager (Male) |
| 20:08 | Build | House |
| 20:20 | Build | House |
| 20:44 | Create | Villager (Male) |
Match timeline
| 7:09 | [GDL] la mesa bajo el cuy · first_building Barracks |
| 7:49 | OM | Romeo D. Sins · first_building Barracks |
| 7:57 | [CL] Valen · first_building Barracks |
| 8:06 | [GDL] El cuy sobre la mesa · first_building Barracks |
| 8:09 | [CL] Valen · wall_segment Palisade Wall x1 |
| 8:10 | [CL] Valen · wall_segment Palisade Wall x1 |
| 8:26 | OM | Romeo D. Sins · wall_segment Palisade Wall x1 |
| 8:42 | GdN V4L3E · first_building Barracks |
| 8:51 | [GDL] El cuy sobre la mesa · wall_segment Palisade Wall x3 |
| 8:52 | [GDL] El cuy sobre la mesa · age_up feudal |
| 8:55 | [GDL] El cuy sobre la mesa · first_building Archery Range |
| 8:59 | [GDL] la mesa bajo el cuy · age_up feudal |
| 8:59 | OM | Massiosare · first_building Barracks |
| 9:05 | [CL] Valen · age_up feudal |
| 9:06 | [CL] Valen · first_building Stable |
| 9:29 | OM | Romeo D. Sins · age_up feudal |
| 9:32 | OM | Romeo D. Sins · first_building Archery Range |
| 9:53 | don't grab nuke! · first_building Barracks |
| 9:54 | [GDL] El cuy sobre la mesa · wall_segment Palisade Wall x7 |
| 10:10 | [GDL] El cuy sobre la mesa · wall_segment Palisade Wall x10 |
| 10:18 | [GDL] la mesa bajo el cuy · first_building Archery Range |
| 10:20 | OM | Massiosare · age_up feudal |
| 10:23 | OM | Massiosare · first_building Stable |
| 10:32 | big daddy · age_up feudal |
| 10:59 | don't grab nuke! · age_up feudal |
| 11:00 | don't grab nuke! · first_building Archery Range |
| 11:12 | GdN V4L3E · first_building Stable |
| 11:19 | OM | Massiosare · wall_segment Stone Wall x1 |
| 11:32 | [GDL] El cuy sobre la mesa · wall_segment Palisade Wall x4 |
| 11:44 | GdN V4L3E · wall_segment Palisade Wall x8 |
| 12:02 | [GDL] El cuy sobre la mesa · wall_segment Palisade Wall x5 |
| 14:15 | big daddy · age_up castle |
| 14:30 | big daddy · first_market_buy 100 wood |
| 14:41 | big daddy · first_building Siege Workshop |
| 14:47 | [GDL] la mesa bajo el cuy · wall_segment Stone Wall x17 |
| 14:53 | GdN V4L3E · wall_segment Palisade Wall x1 |
| 15:33 | [GDL] El cuy sobre la mesa · wall_segment Stone Wall x12 |
| 15:37 | OM | Massiosare · wall_segment Palisade Wall x1 |
| 15:41 | OM | Massiosare · wall_segment Palisade Wall x4 |
| 15:52 | OM | Massiosare · wall_segment Palisade Wall x1 |
| 16:01 | OM | Massiosare · wall_segment Palisade Wall x1 |
| 16:03 | OM | Massiosare · wall_segment Palisade Wall x1 |
| 16:04 | OM | Massiosare · wall_segment Palisade Wall x1 |
| 16:04 | OM | Massiosare · wall_segment Palisade Wall x1 |
| 16:05 | OM | Massiosare · wall_segment Palisade Wall x1 |
| 16:06 | OM | Massiosare · wall_segment Palisade Wall x4 |
| 16:48 | OM | Massiosare · wall_segment Palisade Wall x6 |
| 17:48 | [GDL] la mesa bajo el cuy · wall_segment Stone Wall x10 |
| 18:09 | OM | Massiosare · wall_segment Stone Wall x1 |
| 18:14 | [GDL] la mesa bajo el cuy · wall_segment Stone Wall x12 |
| 18:22 | [GDL] la mesa bajo el cuy · wall_segment Stone Wall x5 |
| 18:33 | [GDL] El cuy sobre la mesa · wall_segment Stone Wall x13 |
| 19:59 | [GDL] El cuy sobre la mesa · wall_segment Stone Wall x1 |
| 20:00 | [GDL] la mesa bajo el cuy · wall_segment Stone Wall x10 |
| 20:28 | OM | Romeo D. Sins · resign |
| 20:48 | [GDL] El cuy sobre la mesa · first_building Stable |
| 23:27 | [CL] Valen · age_up castle |
| 23:39 | [GDL] El cuy sobre la mesa · age_up castle |
| 24:10 | don't grab nuke! · age_up castle |
| 24:18 | [GDL] El cuy sobre la mesa · first_market_buy 100 wood |
| 24:37 | don't grab nuke! · wall_segment Palisade Wall x1 |
| 24:42 | don't grab nuke! · wall_segment Palisade Wall x1 |
| 24:45 | don't grab nuke! · wall_segment Palisade Wall x1 |
| 24:56 | [GDL] El cuy sobre la mesa · first_building Castle |
| 25:48 | [GDL] la mesa bajo el cuy · age_up castle |
| 26:30 | [GDL] El cuy sobre la mesa · first_market_sell 100 stone |
| 28:42 | [GDL] El cuy sobre la mesa · first_building Siege Workshop |
| 31:30 | [GDL] la mesa bajo el cuy · first_building Castle |
[ AI ANALYSIS · 1 CREDIT ]
What really happened in this match?
Wolo.gg analyzes every decision: build order, eco, micro, common mistakes by bracket. Personalized analysis on WhatsApp or Discord in 30 seconds.
Civ guide
Magyars
Map guide
Oasis
Perfil
[CL] Valen